 Dungeon Crawl Stone Soup version 0.23-b1-67-g8bd44de (webtiles) character file.

Game seed: 1962089292654918334

21 doot the Insei (level 2, 0/21 HPs)
             Began as a Merfolk Transmuter on Feb 6, 2019.
             Killed from afar by a dart slug (6 damage)
             ... with a slug dart
             ... on level 1 of the Dungeon.
             The game lasted 00:01:21 (292 turns).

doot the Insei (Merfolk Transmuter)                  Turns: 292, Time: 00:01:21

Health: 0/21       AC:  2    Str: 10    XL:     2   Next: 87%
Magic:  5/5        EV: 13    Int: 12    God:
Gold:   12         SH:  0    Dex: 14    Spells: 4/5 levels left

rFire    . . .     SeeInvis .     - Unarmed
rCold    . . .     Gourm    .   (no shield)
rNeg     . . .     Faith    .   b - +0 robe
rPois    .         Spirit   .   (no helmet)
rElec    .         Reflect  .   (no cloak)
rCorr    .         Harm     .   (no gloves)
MR       .....                  (no boots)
Stlth    +.........             f - amulet of inaccuracy (curse)
HPRegen  0.07/turn              (no ring)
MPRegen  0.09/turn              (no ring)

@: appendage (expiring)
A: change form in water, swift swim, stealthy swim, horns 2
a: End Transformation


You were on level 1 of the Dungeon.
You were not hungry.
You had grown temporary horns.
You visited 1 branch of the dungeon, and saw 1 of its levels.

You collected 12 gold pieces.

Inventory:

Missiles
 a - 12 arrows
Armour
 b - a +0 robe (worn)
Jewellery
 f - a cursed amulet of inaccuracy (around neck)
Scrolls
 e - a scroll of enchant armour {unknown}
 h - a scroll of identify {unknown}
Potions
 c - a potion of brilliance {unknown}
 i - a potion of cancellation {unknown}
Comestibles
 d - 2 rations
 g - 2 chunks of flesh


   Skills:
 + Level 1.1 Fighting
 + Level 3.2 Dodging
 + Level 0.2 Stealth
 + Level 3.8 Unarmed Combat
 + Level 2.1 Spellcasting
 + Level 2.9 Transmutations


You had 4 spell levels left.
You knew the following spells:

 Your Spells              Type           Power        Failure   Level  Hunger
a - Beastly Appendage     Tmut           #.....       9%          1    ##.....

Your spell library contained the following spells:

 Spells                   Type           Power        Failure   Level  Hunger
 Sticks to Snakes         Tmut           #.......     12%         2    ###....
 Spider Form              Tmut/Pois      #.........   41%         3    ####...
 Ice Form                 Ice/Tmut       #.......     83%         4    #####..
 Blade Hands              Tmut           #.........   92%         5    ######.


Dungeon Overview and Level Annotations

Branches:
Dungeon (1/15)

Altars:


Innate Abilities, Weirdness & Mutations

You revert to your normal form in water You are very nimble and swift while swimming.
You are very stealthy in the water. (Stealth+)
You have a pair of horns on your head.


Message History

The hobgoblin is severely wounded.
The hobgoblin hits you with a +0 club.
You closely miss the hobgoblin. Your headbutt misses the hobgoblin.
The hobgoblin is severely wounded.
The hobgoblin closely misses you.
You hit the hobgoblin.
You kill the hobgoblin!
The dart slug bites you.
* * * LOW HITPOINT WARNING * * *
You hit the dart slug.
The dart slug is heavily wounded.
The dart slug bites you but does no damage.
You barely miss the dart slug. You headbutt the dart slug.
The dart slug is heavily wounded.
You hit the dart slug.
The dart slug is severely wounded.
Your transformation is almost over.
The dart slug launches a dart at you. The slug dart hits you.
You die...

#..##.......# ..#
...##.#.....####.#
......#..........###
#.###..............##.#
.............#.......?#
..#######...........?#
### #.......###...# #
#.[.###.## .. # #####
#)@# # #....?w...... #
#..........## #♣
♣..........# .♣
♣P♣♣........# ♣P## ###
#P♣♣♣.......#
♣♣P###≈###P♣ ♣..$....#
♣P♣P.♣≈♣P.♣ ♣........
♣.♣♣P≈≈P♣


You could see a dart slug.

Vanquished Creatures
  2 oozes (D:1)
  A ball python (D:1)
  2 giant cockroaches (D:1)
  A goblin (D:1)
  3 hobgoblins (D:1)
  A kobold (D:1)
  A rat (D:1)
11 creatures vanquished.

Notes
Turn   | Place    | Note
-------+----------+-------------------------------------------
     0 | D:1      | doot the Merfolk Transmuter began the quest for the Orb.
     0 | D:1      | Reached XP level 1. HP: 15/15 MP: 3/3
    24 | D:1      | Reached XP level 2. HP: 21/21 MP: 3/5
   292 | D:1      | Killed from afar by a dart slug

Skill      XL: |  1  2 |
---------------+-------+-----
Dodging        | 3 |  3.2
Fighting       | |  1.1
Stealth        | |  0.2
Unarmed Combat | |  3.8
Spellcasting   | |  2.1
Transmutations | |  2.9

Action                   || total
-------------------------++-------
Melee: Unarmed           ||    37
       Headbutt          ||     7
       Tailslap          ||     3
 Cast: Beastly Appendage ||     6
Armor: Robe              ||     5
Dodge: Dodged            ||    35
